 Dungeon Crawl Stone Soup version 0.28-a0-479-g5baa6b73be (webtiles) character file.

Game seed: 9736511186603133957

42 Dabor the Conjurer (level 3, 0/26 HPs)
             Began as a Demigod Conjurer on Sept 18, 2021.
             Killed from afar by Natasha (6 damage)
             ... with a magic dart
             ... on level 2 of the Dungeon.
             The game lasted 00:01:23 (1527 turns).

Dabor the Conjurer (Demigod Conjurer)               Turns: 1527, Time: 00:01:24

Health: 0/26       AC:  2    Str:  8    XL:     3   Next: 17%
Magic:  7/8        EV: 12    Int: 24    God:
Gold:   57         SH:  0    Dex: 12    Spells: 5/6 levels left

rFire   . . .      SeeInvis .   f - staff of poison
rCold   . . .      Faith    .   (no shield)
rNeg    . . .      Spirit   .   a - +0 robe
rPois   +          Reflect  .   (no helmet)
rElec   .          Harm     .   (no cloak)
rCorr   .          Rampage  .   (no gloves)
Will    .....                   (no boots)
Stlth   ++........              (no amulet)
HPRegen 0.08/turn               (no ring)
MPRegen 0.11/turn               (no ring)

@: no status effects
A: high mp 1, forlorn
a: no special abilities


You were on level 2 of the Dungeon.
You visited 1 branch of the dungeon, and saw 2 of its levels.

You collected 57 gold pieces.

Inventory:

Armour
 a - a +0 robe (worn)
Magical Staves
 f - a staff of poison (weapon)
Scrolls
 b - 2 scrolls of teleportation {unknown}
 e - a scroll of magic mapping {unknown}
Potions
 c - a potion of might {unknown}
 d - a potion of mutation {unknown}
 g - a potion of curing {unknown}


   Skills:
 + Level 2.2 Dodging
 + Level 2.4 Stealth
 + Level 2.2 Spellcasting
 + Level 3.9 Conjurations


You had 5 spell levels left.
You knew the following spells:

 Your Spells              Type           Power      Damage    Failure   Level
a - Magic Dart            Conj           84%        1d7       2%          1

Your spell library contained the following spells:

 Spells                   Type           Power      Damage    Failure   Level
 Searing Ray              Conj           42%        2d6       3%          2
 Dazzling Flash           Conj/Hex       24%        N/A       16%         3
 Fulminant Prism          Conj/Hex       6%         3d7       45%         4
 Iskenderun's Mystic Bla  Conj/Tloc      12%        2d5       45%         4
 Leda's Liquefaction      Hex/Erth       1%         N/A       75%         4
 Lee's Rapid Deconstruct  Erth           1%         3d5*      97%         5
 Statue Form              Tmut/Erth      1%         N/A       100%        6


Dungeon Overview and Level Annotations

Branches:
Dungeon (2/15)

Annotations:
D:2 Natasha


Innate Abilities, Weirdness & Mutations

Your attributes grow dramatically as you level up.
You have an increased reservoir of magic. (+10% MP)
You shall have no god before yourself.


Message History

You kill the jackal!
You can't see any susceptible monsters within range! (Use Z to cast anyway.)
You can't see any susceptible monsters within range! (Use Z to cast anyway.)
You can't see any susceptible monsters within range! (Use Z to cast anyway.)
A jackal is nearby!
The jackal misses you.
You hit the jackal but do no damage. The jackal bites you.
The jackal barely misses you.
You hit the jackal.
The jackal is moderately wounded.
The jackal bites you.
You hit the jackal.
The jackal is severely wounded.
The jackal barely misses you. The jackal closely misses you.
You hit the jackal.
You kill the jackal!
No target in view!
No target in view!
You now have 41 gold pieces (gained 2).
You now have 57 gold pieces (gained 16).
Found a club and a mace.
Found a ring mail.
A bat and Natasha come into view.
There are monsters nearby!
There are monsters nearby!
The magic dart hits Natasha.
Natasha is moderately wounded.
Natasha mumbles some strange words.
The magic dart hits Natasha.
Natasha is moderately wounded.
Natasha claws you. The shadow imp gestures at you.
Pain shoots through your body!
Natasha mumbles some strange words.
Natasha casts a spell at you. The magic dart hits you!
* * * LOW HITPOINT WARNING * * *
Natasha stares at you and mumbles some strange words.
The magic dart hits you.
You die...

###.##.###..####....##.#
##.##...#.## #.....#.#
#...###.#.######..#.#.### ##
#.......................# .#
#...##......##....#.#.#.# #.#
#...##..####.##.......#.##..###
#...†.....# ).#..........#.....
#.....####.# #.##....5.....#
#.....#....###@)##.h#....#.....
###....####...#..#..#....#.....
#..##.#..##.###.h.#....#.....
#..#...#..#.#....##.......!..
#..##.###.##.###....##.......
#....#.#.#...#...##..........
#...##...###.#...#...........
#...#.###.#.#.............. #..
#. #.).#........#......


You could see Natasha.

Vanquished Creatures
  3 dart slugs
  4 ball pythons (D:1)
  4 bats
  2 endoplasms (D:1)
  2 giant cockroaches (D:1)
  5 hobgoblins
  3 jackals (D:2)
  2 kobolds (D:1)
  3 goblins
  4 rats
32 creatures vanquished.

Notes
Turn   | Place    | Note
-------+----------+-------------------------------------------
     0 | D:1      | Dabor the Demigod Conjurer began the quest for the Orb.
     0 | D:1      | Reached XP level 1. HP: 14/14 MP: 5/5
   376 | D:1      | Reached XP level 2. HP: 20/20 MP: 5/7
  1222 | D:2      | Reached XP level 3. HP: 12/26 MP: 1/8
  1514 | D:2      | Noticed Natasha
  1527 | D:2      | Killed from afar by Natasha

Illustrated notes

Levels and vault maps discovered:
D:1:      mushboom_english_gardens, layout_basic, ebering_ecumenical_altar_ruins
D:2:      layout_rooms, basic_altar, kennysheep_nondescript, grunt_ministairs_6,
          nrook_uturn, amethyst_killhole, minmay_pentomino_pile, uniq_natasha

Skill      XL: |  1  2 |
---------------+-------+-----
Stealth        | 2 |  2.4
Dodging        | 2 |  2.2
Spellcasting   | 2 |  2.2
Conjurations   | |  3.9

Action                   || total
-------------------------++-------
Melee: Staff             ||     9
 Cast: Magic Dart        ||    60
Armor: Robe              ||     1
Dodge: Dodged            ||     9

Table legend: (Time is in decaauts)
 A = Elapsed time spent in this place.
 B = Non-inter-level travel time spent in this place.
 C = Inter-level travel time spent in this place.
 D = Time resting spent in this place.
 E = Time spent auto-exploring this place.
 F = Levels seen in this place.
 G = Mean time per level.
                   A        B        C        D        E       F      G
               +--------+--------+--------+--------+--------+-----+--------+
         Total |   1528 |   1451 |     77 |     82 |   1214 |   2 |  764.0 |
       Dungeon |   1528 |   1451 |     77 |     82 |   1214 |   2 |  764.0 |
               +--------+--------+--------+--------+--------+-----+--------+

Top non-repeatable levels by time:
     D:1: 1113 daAuts
     D:2: 414 daAuts
